Map: Overgrowth LE (Void)

Players

MarbleDonuts - Winner!

  • Race: Protoss Protoss
  • League: Master
  • Spawn Location: 1:00

Snow

  • Race: Zerg Zerg
  • League: Master
  • Spawn Location: 7:00

VOD

Have the link to the VOD?

Description

Time

  • Played on: Dec. 23, 2016, 6:12 a.m.
  • Length: 8:40
Show
View Real Time Build Order
Export as new Build Order

MarbleDonuts Protoss - Winner!

Build Orders: 1 Gate Expand, Zealot Archon, Dark Templar Rush 

Get SALT Encoding   

  12  0:01  Probe (Chrono Boost)  
  13  0:11  Probe (Chrono Boost)  
  14  0:19  Pylon  
  14  0:22  Probe (Chrono Boost)  
  15  0:37  Probe (Chrono Boost), Gateway  
  16  0:43  Assimilator  
  16  0:47  Probe (Chrono Boost)  
  17  0:58  Probe (Chrono Boost)  
  18  1:08  Probe (Chrono Boost)  
  19  1:19  Probe (Chrono Boost)  
  20  1:30  Probe (Chrono Boost)  
  21  1:35  Nexus  
  21  1:37  Cybernetics Core  
  21  1:40  Probe (Chrono Boost)  
  21  1:45  Assimilator  
  22  1:50  Pylon  
  22  1:55  Probe (Chrono Boost)  
  24  2:09  Probe (Chrono Boost)  
  24  2:10  Adept  
  24  2:14  Warp Gate  
  26  2:22  Mothership Core (Chrono Boost)  
  28  2:34  Zealot  
  28  2:35  Twilight Council  
  28  2:42  Probe (Chrono Boost)  
  31  2:48  Probe (Chrono Boost)  
  32  2:53  Probe (Chrono Boost)  
  34  2:58  Probe (Chrono Boost)  
  34  3:04  Probe (Chrono Boost)  
  35  3:09  Probe (Chrono Boost)  
  35  3:11  Robotics Facility  
  36  3:14  Probe (Chrono Boost)  
  36  3:19  Probe (Chrono Boost)  
  38  3:23  Dark Shrine  
  38  3:25  Probe (Chrono Boost)  
  39  3:30  Probe (Chrono Boost)  
  40  3:35  Probe (Chrono Boost)  
  40  3:37  Gateway  
  41  3:42  Gateway  
  41  3:47  Probe (Chrono Boost), Gateway  
  41  3:48  Probe (Chrono Boost)  
  43  3:53  Warp Prism  
  43  3:56  Pylon  
  43  3:58  Probe (Chrono Boost)  
  43  4:02  Assimilator  
  46  4:04  Assimilator  
  46  4:08  Pylon  
  46  4:11  Pylon  
  46  4:20  Probe (Chrono Boost)  
  46  4:22  Probe (Chrono Boost)  
  48  4:36  Probe (Chrono Boost)  
  48  4:38  Probe (Chrono Boost)  
  50  4:45  Dark Templar x4  
  56  4:46  Charge  
  56  4:47  Probe (Chrono Boost)  
  56  4:50  Probe (Chrono Boost)  
  60  4:57  Pylon  
  60  5:00  Pylon  
  60  5:03  Pylon  
  60  5:06  Immortal  
  64  5:18  Archon  
  64  5:19  Archon  
  64  5:27  Gateway x2  
  64  5:31  Gateway x2  
  64  5:42  Immortal  
  68  5:54  Sentry x2  
  68  5:55  Dark Templar  
  68  5:56  Zealot  
  76  6:13  Pylon x2  
  76  6:15  Pylon  
  76  6:17  Dark Templar  
  78  6:20  Observer  
  78  6:22  Archon  
  79  6:34  Dark Templar  
  79  6:35  Dark Templar, Zealot x3  
  79  6:36  Zealot x2  
  79  6:39  Archon  
  93  6:57  Zealot x6  
  105  7:13  Zealot x2  
  99  7:17  Zealot x2  
  99  7:18  Zealot x4  
  95  7:37  Zealot x3  
  95  7:38  Zealot x5  
  99  8:00  Zealot x3  
  99  8:01  Zealot x4  
  76  8:27  Zealot x7  
Show
View Real Time Build Order
Export as new Build Order

Snow Zerg 

Build Orders: Hatch First 

Get SALT Encoding   

  12  0:01  Drone  
  13  0:13  Overlord  
  13  0:17  Drone  
  14  0:32  Drone x2  
  16  0:35  Drone  
  17  0:53  Hatchery  
  16  1:07  Spawning Pool  
  16  1:09  Drone  
  16  1:13  Extractor  
  16  1:14  Drone  
  16  1:23  Drone x2  
  18  1:32  Extractor, Overlord  
  17  1:41  Drone  
  19  1:52  Drone  
  19  1:54  Queen  
  22  2:03  Zergling x2  
  22  2:06  Queen  
  25  2:10  Drone  
  26  2:16  Metabolic Boost  
  26  2:19  Drone  
  27  2:25  Drone  
  27  2:26  Drone  
  27  2:28  Drone  
  30  2:35  Drone  
  31  2:49  Hatchery  
  30  2:54  Drone x2  
  30  2:56  Drone  
  33  2:58  Drone  
  33  3:02  Drone  
  33  3:03  Drone  
  35  3:08  Overlord  
  35  3:20  Pneumatized Carapace  
  35  3:26  Queen  
  37  3:27  Zergling x8  
  37  3:30  Overlord  
  41  3:35  Overlord  
  41  3:37  Drone  
  41  3:38  Drone  
  43  3:53  Spore Crawler x2  
  43  3:54  Drone  
  43  3:55  Drone x4  
  46  4:10  Drone  
  46  4:11  Drone x6  
  46  4:14  Roach Warren  
  46  4:15  Extractor  
  51  4:19  Evolution Chamber  
  50  4:26  Extractor  
  49  4:35  Spore Crawler  
  49  4:38  Drone x3  
  51  4:42  Zergling x2  
  51  4:43  Zergling x20  
  62  4:55  Roach  
  62  4:57  Overlord x2  
  64  5:15  Extractor, Drone x5  
  64  5:16  Drone x8  
  76  5:23  Lair  
  76  5:24  Zerg Missile Weapons Level 1  
  76  5:27  Drone  
  76  5:28  Drone x2  
  79  5:35  Drone x2  
  81  5:37  Overlord  
  81  5:49  Drone  
  80  5:53  Extractor, Drone x3  
  80  5:54  Extractor  
  80  5:55  Drone x2  
  80  5:56  Drone  
  83  5:57  Overlord x3  
  83  6:02  Queen  
  83  6:03  Queen  
  87  6:12  Roach  
  87  6:13  Overlord  
  89  6:19  Roach x8  
  89  6:20  Glial Reconstitution  
  105  6:25  Hydralisk Den  
  105  6:29  Overseer  
  105  6:32  Roach x5  
  114  6:39  Baneling Nest  
  113  6:44  Roach x3, Overlord  
  113  6:45  Overlord x2  
  119  6:53  Roach  
  121  6:58  Overlord x2  
  123  7:08  Roach  
  123  7:09  Roach x5  
  112  7:20  Roach x7  
  112  7:21  Roach  
  109  7:29  Roach  
  106  7:30  Roach  
  106  7:36  Roach x5  
  92  7:39  Roach  
  92  7:41  Ravager x3  
  92  7:42  Ravager x2  
  84  7:44  Queen  
  84  7:46  Zergling x2  
  84  7:49  Roach  
  83  8:01  Roach x2  
  74  8:07  Zergling x2  
  52  8:20  Roach  
Tags
 
Add a new tag
Caveats
  • Supply blocks, unpowered buildings, or Contaminate may cause inaccurate times.
  • Supply counts are checked every 10 seconds.